 Dungeon Crawl Stone Soup version 0.31-a0-435-g2c6fae2916 (webtiles) character file.

Game seed: 1427112940679686814

43412 AdnanSaban the Bludgeoner (level 14, 0/90 HPs)
             Began as a Gargoyle Fighter on Aug 1, 2023.
             Was the Champion of Okawaru.
             Slain by a five-headed hydra (3 damage)
             ... on level 3 of the Lair of Beasts.
             The game lasted 00:20:51 (16656 turns).

AdnanSaban the Bludgeoner (Gargoyle Fighter)       Turns: 16656, Time: 00:20:53

Health: 0/90       AC: 39    Str: 29    XL:     14   Next: 24%
Magic:  18/18      EV:  8    Int:  8    God:    Okawaru [******]
Gold:   1090       SH: 18    Dex: 12    Spells: 13/13 levels left

rFire   + . .        A - +5 flail "Qumall" {holy, rC++ rN+ Str+3}
rCold   + + +        O - +2 tower shield
rNeg    + + .        E - +2 plate armour {rPois}
rPois   ∞            S - +2 hat of the Thoughtful Knives {rC+ Dex+3}
rElec   +            M - +0 cloak
rCorr   .            q - +2 pair of gloves
SInv    .            (no boots)
Will    +....        L - amulet of magic regeneration Stlth
                     s - ring of protection from fire
HPRegen 0.35/turn    g - +4 ring of protection
MPRegen 0.56/turn

%: no passive effects
@: flying
A: sickness immunity, AC +10, big wings, negative energy resistance 1,
electricity resistance, torment resistance 1, petrification resistance
a: Renounce Religion, Heroism, Finesse, Duel


You were on level 3 of the Lair of Beasts.
You worshipped Okawaru.
Okawaru was exalted by your worship.
You visited 2 branches of the dungeon, and saw 16 of its levels.

You collected 1090 gold pieces.

Inventory:

Hand Weapons
 A - the +5 flail "Qumall" (weapon) {holy, rC++ rN+ Str+3}
   (You found it on level 6 of the Dungeon)

   Str:       It affects your strength (+3).
   rC:        It greatly protects you from cold.
   rN:        It protects you from negative energy.
Missiles
 c - a throwing net
 n - 7 atropa-tipped darts
 o - 4 javelins
 r - 33 poisoned darts (quivered)
 G - 6 boomerangs
 H - a curare-tipped dart
Armour
 q - a +2 pair of gloves (worn)
 E - a +2 plate armour of poison resistance (worn)
 M - a +0 cloak (worn)
 O - a +2 tower shield (worn)
 S - the +2 hat of the Thoughtful Knives (worn) {rC+ Dex+3}
   (Okawaru gifted it to you on level 11 of the Dungeon)

   Dex:       It affects your dexterity (+3).
   rC:        It protects you from cold.
 U - a +1 tower shield of cold resistance
Jewellery
 g - a +4 ring of protection (right hand)
 s - a ring of protection from fire (left hand)
 L - an amulet of magic regeneration (around neck)
 V - an amulet of reflection
Wands
 m - a wand of iceblast (1)
 x - a wand of mindburst (9)
 y - a wand of flame (27)
Scrolls
 a - 2 scrolls of poison {unknown}
 b - 4 scrolls of noise {unknown}
 f - 10 scrolls of identify
 j - 4 scrolls of teleportation {unknown}
 l - 2 scrolls of fog {unknown}
 p - 3 scrolls of blinking {unknown}
 v - 3 scrolls of enchant weapon {unknown}
 w - 2 scrolls of torment {unknown}
 I - a scroll of fear {unknown}
 J - 2 scrolls of vulnerability {unknown}
 N - a scroll of enchant armour {unknown}
 Q - 2 scrolls of revelation {unknown}
 R - 2 scrolls of amnesia {unknown}
Potions
 d - 4 potions of might
 e - 3 potions of heal wounds {unknown}
 h - 4 potions of brilliance {unknown}
 i - 7 potions of curing {unknown}
 k - a potion of haste {unknown}
 t - 2 potions of degeneration {unknown}
 u - 3 potions of lignification {unknown}
 z - a potion of cancellation {unknown}
 B - 3 potions of mutation {unknown}
 C - a potion of resistance {unknown}
 D - a potion of invisibility {unknown}
 F - 2 potions of magic {unknown}
 K - a potion of attraction {unknown}
 P - 6 potions of ambrosia
 T - a potion of enlightenment {unknown}


   Skills:
 + Level 11.0 Fighting
 + Level 15.0 Maces & Flails
 + Level 2.7 Throwing
 + Level 12.5 Armour
 + Level 3.6 Dodging
 + Level 1.4 Stealth
 + Level 11.4 Shields
 * Level 6.3 Invocations


You had 13 spell levels left.
You didn't know any spells.
Your spell library contained the following spells:

 Spells                   Type           Power      Damage    Failure   Level
 Dazzling Flash           Conj/Hex       0%         N/A       100%        3
 Frozen Ramparts          Ice            0%         1d1       100%        3
 Ignite Poison            Fire/Tmut/Pois 0%         N/A       100%        3
 Inner Flame              Hex/Fire       0%         N/A       100%        3
 Ozocubu's Armour         Ice            0%         N/A       100%        3
 Volatile Blastmotes      Fire/Tloc      0%         2d10      100%        3
 Anguish                  Hex/Necr       0%         N/A       100%        4
 Cause Fear               Hex            0%         N/A       100%        4
 Leda's Liquefaction      Hex/Erth       0%         N/A       100%        4
 Petrify                  Tmut/Erth      0%         N/A       100%        4
 Freezing Cloud           Conj/Ice/Air   0%         6-21      100%        5
 Lee's Rapid Deconstruct  Erth           0%         3d4*      100%        5
 Metabolic Englaciation   Hex/Ice        0%         N/A       100%        5
 Yara's Violent Unravell  Hex/Tmut       0%         3d3       100%        5
 Leda's Unmaking          Conj/Erth      0%         9d1       100%        6
 Starburst                Conj/Fire      0%         6d3       100%        6
 Enfeeble                 Hex            0%         N/A       100%        7
 Ozocubu's Refrigeration  Ice            0%         4d7       100%        7
 Maxwell's Capacitive Co  Air            0%         ∞         100%        8
 Cigotuvi's Dreadful Rot  Necr/Pois/Air  Unusable   N/A       N/A         2

Dungeon Overview and Level Annotations

Branches:
Dungeon (12/15)            Temple (0/1) D:6            Lair (4/5) D:11
 Shoals (0/4) Lair:2       Spider (0/4) Lair:2          Orc (0/2) D:9
  Slime: Lair:4-5

Altars:
Ashenzari
Elyvilon
Fedhas
Gozag
Makhleb
Okawaru
Qazlal
Trog
Uskayaw
Wu Jian
Xom
Zin

Shops:
D:5 (   D:6 *   D:11 [


Innate Abilities, Weirdness & Mutations

You are immune to sickness and miasma.
Your stone body is resilient. (AC +10)
You are immune to poison.
Your large and strong wings let you fly.
You resist negative energy. (rN+)
You are resistant to electric shocks. (rElec)
You are resistant to unholy torment.
You are immune to petrification.


Message History

The five-headed hydra is lightly wounded.
You block the five-headed hydra's attack. x2
The five-headed hydra closely misses you.
You block the five-headed hydra's attack.
The five-headed hydra bites you!
* * * LOW HITPOINT WARNING * * *
You bludgeon the five-headed hydra!!
The five-headed hydra is heavily wounded.
The five-headed hydra bites you but does no damage.
You block the five-headed hydra's attack. x2
The five-headed hydra bites you but does no damage.
You block the five-headed hydra's attack.
You sock the five-headed hydra!
The five-headed hydra is severely wounded.
You barely miss the five-headed hydra.
The five-headed hydra is severely wounded.
The five-headed hydra bites you but does no damage.
You block the five-headed hydra's attack. x2
The five-headed hydra closely misses you.
The five-headed hydra bites you but does no damage.
You barely miss the five-headed hydra.
The five-headed hydra is heavily wounded.
The five-headed hydra bites you but does no damage.
The five-headed hydra bites you.
* * * LOW HITPOINT WARNING * * *
You block the five-headed hydra's attack.
The five-headed hydra bites you but does no damage. x2
You barely miss the five-headed hydra.
The five-headed hydra is heavily wounded.
You block the five-headed hydra's attack.
The five-headed hydra barely misses you. x2
The five-headed hydra bites you but does no damage.
The five-headed hydra barely misses you.
You hit the five-headed hydra.
The five-headed hydra is severely wounded.
You block the five-headed hydra's attack. x2
The five-headed hydra bites you!
* * * LOW HITPOINT WARNING * * *
The five-headed hydra bites you.
You die...

#...........#.#....#####..#### ##
......###...#####..# #..##
##....####.#.#....## ##...#
#.<.#.#####......# ###.>..#
##..#.#.##..###..###.#P..##
#....#.###..# ##....)....# ##
##.....P..##########.##..## ##P
#...#...###...D....###>..####..
#...###.# #...@....###...#.##..
##.## #.###..÷......#..........
##÷# #..##.................##.
#..####.###.........#.#........
##..##..##.........####..####..
####..###.#...........###..####..
......###...#.##.#######...##.#..
.......#......P### ##.#......
..PPP..####..### #......##.


You could see a five-headed hydra.

Vanquished Creatures
  4 hydras
  Erolcha (D:10)
  A centaur warrior (D:12)
  4 two-headed ogres
  A pharaoh ant (Lair:2)
  19 elephants
  4 black mambas
  6 cane toads
  A rime drake (Lair:4)
  Maggie (D:6)
  7 komodo dragons
  An unseen horror (D:12)
  4 trolls
  A queen bee (D:10)
  15 blink frogs
  2 polar bears (Lair:3)
  A hornet (Lair:2)
  2 tarantellas (Lair:2)
  Prince Ribbit (D:5)
  4 slime creatures
  A jumping spider (Lair:2)
  A vampire (D:12)
  A water elemental (D:11)
  58 yaks
  2 wyverns
  2 basilisks
  2 steam dragons
  2 vampire mosquitoes (D:11)
  Menkaure (D:5)
  2 wargs (D:9)
  10 water moccasins
  2 acid dragons
  A sky beast (D:6)
  8 orc warriors
  An ice beast (D:5)
  An ogre (D:5)
  16 wolves
  8 centaurs
  4 phantoms
  2 kobold brigands
  11 bullfrogs
  A gnoll sergeant (D:9)
  4 scorpions
  7 wights (D:8)
  31 killer bees
  3 electric eels (D:11)
  8 howler monkeys
  9 hounds
  2 jellies (D:5)
  7 orc priests
  2 sleepcaps
  19 orc wizards
  2 iguanas
  8 gnolls
  7 adders
  2 shadow imps
  2 white imps (D:5)
  2 ufetubi
  4 dart slugs
  62 orcs
  6 bats
  5 endoplasms
  A giant cockroach (D:1)
  4 goblins
  5 hobgoblins
  20 kobolds
  7 quokkas
  4 ball pythons
  3 frilled lizards
  2 rats
455 creatures vanquished.

Notes
Turn   | Place    | Note
-------+----------+-------------------------------------------
     0 | D:1      | AdnanSaban the Gargoyle Fighter began the quest for the
                  | Orb.
     0 | D:1      | Reached XP level 1. HP: 14/14 MP: 1/1
   150 | D:1      | Reached XP level 2. HP: 11/19 MP: 2/2
   397 | D:1      | Found a faded altar of an unknown god.
   505 | D:1      | Reached XP level 3. HP: 22/24 MP: 3/3
  1301 | D:2      | Reached XP level 4. HP: 28/29 MP: 4/4
  1918 | D:3      | Found a shimmering altar of Xom.
  1961 | D:3      | Found a burning altar of Makhleb.
  1974 | D:3      | Found a glowing silver altar of Zin.
  2600 | D:4      | Reached skill level 3 in Maces & Flails
  2754 | D:4      | Found a bloodstained altar of Trog.
  2786 | D:4      | Found a white marble altar of Elyvilon.
  3083 | D:5      | Entered Level 5 of the Dungeon
  3084 | D:5      | Noticed a scorpion
  3087 | D:5      | Killed a scorpion
  3088 | D:5      | Reached XP level 5. HP: 33/33 MP: 5/5
  3089 | D:5      | Found Niruen's Antique Weapon Shop.
  3104 | D:5      | Reached skill level 4 in Maces & Flails
  3104 | D:5      | Reached skill level 5 in Armour
  3104 | D:5      | Reached XP level 6. HP: 38/38 MP: 6/6
  3190 | D:5      | Noticed a water moccasin
  3230 | D:5      | Killed a water moccasin
  3239 | D:5      | Reached XP level 7. HP: 34/43 MP: 7/7
  3416 | D:5      | Reached skill level 1 in Dodging
  3471 | D:5      | Noticed Prince Ribbit
  3498 | D:5      | Killed Prince Ribbit
  3499 | D:5      | Reached skill level 5 in Maces & Flails
  3618 | D:5      | Noticed Menkaure
  3628 | D:5      | Killed Menkaure
  3629 | D:5      | Reached XP level 8. HP: 34/48 MP: 8/8
  4045 | D:5      | Found a hide-covered altar of Uskayaw.
  4289 | D:6      | Reached skill level 6 in Maces & Flails
  4294 | D:6      | Reached skill level 5 in Shields
  4373 | D:6      | Reached skill level 1 in Stealth
  4421 | D:6      | Found an iron altar of Okawaru.
  4426 | D:6      | Identified the +3 falchion of Slow Death {flame, Contam rN+
                  | Will+ Str+3}
  4429 | D:6      | Became a worshipper of Warmaster Okawaru
  4480 | D:6      | Identified the +5 flail "Qumall" {holy, rC++ rN+ Str+3}
  4485 | D:6      | Found Coedgh's Fire Supplies.
  4497 | D:6      | Reached XP level 9. HP: 50/53 MP: 9/9
  4538 | D:6      | Noticed Maggie
  4552 | D:6      | Killed Maggie
  4553 | D:6      | Reached skill level 5 in Fighting
  4724 | D:6      | Found a blossoming altar of Fedhas.
  4799 | D:6      | Reached skill level 7 in Maces & Flails
  4810 | D:6      | Found a staircase to the Ecumenical Temple.
  5079 | D:7      | Reached * piety under Okawaru
  5775 | D:7      | Found a stormy altar of Qazlal.
  6159 | D:8      | Reached skill level 8 in Maces & Flails
  6459 | D:8      | Noticed a two-headed ogre
  6472 | D:8      | Killed a two-headed ogre
  6472 | D:8      | Reached ** piety under Okawaru
  6473 | D:8      | Reached skill level 1 in Throwing
  6473 | D:8      | Reached XP level 10. HP: 27/60 MP: 10/10
  6720 | D:8      | Found a broken altar of Ashenzari.
  6737 | D:8      | Reached skill level 9 in Maces & Flails
  6937 | D:8      | Found an opulent altar of Gozag.
  6937 | D:8      | Found an ornate altar of the Wu Jian Council.
  7563 | D:9      | Reached *** piety under Okawaru
  7901 | D:9      | Found a staircase to the Orcish Mines.
  7904 | D:9      | Noticed a two-headed ogre
  7914 | D:9      | Killed a two-headed ogre
  7915 | D:9      | Reached skill level 10 in Maces & Flails
  8255 | D:9      | Reached **** piety under Okawaru
  8608 | D:10     | Entered Level 10 of the Dungeon
  8797 | D:10     | Reached XP level 11. HP: 64/66 MP: 11/11
  8871 | D:10     | Reached skill level 11 in Maces & Flails
  8897 | D:10     | Reached ***** piety under Okawaru
  9209 | D:10     | Received a gift from Okawaru
  9320 | D:10     | Noticed a two-headed ogre
  9327 | D:10     | Killed a two-headed ogre
  9328 | D:10     | Reached skill level 10 in Armour
  9941 | D:11     | Noticed a two-headed ogre
  9955 | D:11     | Killed a two-headed ogre
 10041 | D:11     | Noticed Erolcha
 10050 | D:11     | Reached skill level 12 in Maces & Flails
 10170 | D:10     | Killed Erolcha
 10187 | D:11     | Received a gift from Okawaru
 10348 | D:11     | Found Pejasus's Armour Boutique.
 10476 | D:11     | Reached XP level 12. HP: 42/74 MP: 7/12
 10582 | D:11     | Found a staircase to the Lair.
 10864 | D:12     | Noticed a centaur warrior
 10994 | D:12     | Killed a centaur warrior
 11115 | D:12     | Reached skill level 13 in Maces & Flails
 11371 | D:11     | Identified the +2 hat of the Thoughtful Knives {rC+ Dex+3}
                  | (Okawaru gifted it to you on level 11 of the Dungeon)
 11371 | D:11     | Received a gift from Okawaru
 12486 | Lair:1   | Entered Level 1 of the Lair of Beasts
 12639 | Lair:1   | Identified the +8 long sword of the Throat {freeze, rPois
                  | Int+8 Dex-3}
 12665 | Lair:1   | Reached skill level 14 in Maces & Flails
 12759 | D:11     | Reached ****** piety under Okawaru
 13037 | Lair:1   | Reached XP level 13. HP: 82/82 MP: 13/13
 13307 | Lair:1   | Reached skill level 10 in Fighting
 13307 | Lair:1   | Reached skill level 1 in Invocations
 14171 | Lair:2   | Found a hole to the Spider Nest.
 14401 | Lair:2   | Received a gift from Okawaru
 14402 | Lair:2   | Found a staircase to the Shoals.
 15158 | Lair:3   | Reached skill level 10 in Shields
 15780 | Lair:2   | Reached skill level 5 in Invocations
 16016 | Lair:3   | Gained mutation: Your large and strong wings let you fly.
                  | [Gargoyle growth]
 16016 | Lair:3   | Reached XP level 14. HP: 88/88 MP: 18/18
 16318 | Lair:4   | Reached skill level 15 in Maces & Flails
 16656 | Lair:3   | HP: 3/90 [five-headed hydra (7)]
 16656 | Lair:3   | Slain by a five-headed hydra

Illustrated notes

Levels and vault maps discovered:
D:1:      ldierk_walled_garden, layout_basic,
          hellmonk_ecumenical_altar_leap_of_faith
D:2:      layout_rooms, minmay_misc_feat_ornament
D:3:      layout_basic, bloody_makhleb, xom_teletrap_fun,
          mainiacjoe_overflow_chevrons
D:4:      layout_basic, mainiacjoe_overflow_two_lobes
D:5:      minmay_razor_zed, layout_basic, serial_shops, shop,
          kennysheep_diamond, uniq_prince_ribbit1, uniq_menkaure
D:6:      layout_rooms, fedhas_altar_2, okawaru_ov_weapons_minmay,
          minmay_temple_entry_drinking_statues, grunt_decor_junction,
          hangedman_decor_lopped, nicolae_shop_fire_sale
          [nicolae_sub_dead_trees], kennysheep_nub, uniq_maggie
D:7:      layout_basic, general_overflow_altar
D:8:      layout_basic, evilmike_ruin_ashenzari,
          gammafunk_temple_overflow_statue, grunt_decor_cap
D:9:      layout_roguey, david_orc_1_choice, kb_lookout_dungeons_type,
          kennysheep_generic_room_8
D:10:     layout_roguey [special_room_bee]
D:11:     layout_basic, erik_lair_island, serial_shops,
          nicolae_shop_back_alley_shop, uniq_erolcha
D:12:     layout_loops_ring, minmay_fountain_box, kennysheep_generic_room_6
Lair:1:   layout_small_grid, lemuel_fruit_fields
Lair:2:   layout_small_grid, elwin_shoals_entry_rocks,
          nicolae_spider_entry_lesser_pyramids, beast_lair_carwin_4
Lair:3:   layout_loops_ring, hangedman_lair_unloving_vines
Lair:4:   layout_gridlike, minmay_slime_entry_oklob_open, basic_altar,
          lemuel_fruit_fields

Skill      XL: |  1  2  3  4  5  6  7  8  9 10 11 12 13 14 |
---------------+-------------------------------------------+-----
Armour         | 4 5 6 8 9 10 11 12 | 12.5
Maces & Flails | 3 4 5 6 8 10 12 14 15 | 15.0
Fighting       | 4 6 8 9 10 11 | 11.0
Dodging        | 2 3 |  3.6
Shields        | 4 5 6 7 8 9 10 11 | 11.4
Stealth        | 1 |  1.4
Throwing       | 1 2 |  2.7
Invocations    | 5 6 |  6.3

Action                     |  1- 3 |  4- 6 |  7- 9 | 10-12 | 13-15 || total
---------------------------+-------+-------+-------+-------+-------++-------
  Melee: Flail             |   102 |    61 |   174 |   969 |   596 ||  1902
         Whip              |       |   105 |   198 |       |       ||   303
  Throw: Dart              |       |       |     9 |    12 |    11 ||    32
 Armour: Scale mail        |    33 |       |       |       |       ||    33
         Chain mail        |    34 |   115 |   204 |       |       ||   353
         Plate armour      |       |       |    27 |   668 |   404 ||  1099
  Dodge: Dodged            |    41 |    64 |   131 |   320 |   139 ||   695
  Block: Buckler           |    23 |    31 |    81 |   210 |    62 ||   407
         Tower shield      |       |       |       |       |   484 ||   484
         Reflection        |       |       |       |       |     2 ||     2

Table legend: (Time is in decaauts)
 A = Elapsed time spent in this place.
 B = Non-inter-level travel time spent in this place.
 C = Inter-level travel time spent in this place.
 D = Time resting spent in this place.
 E = Time spent auto-exploring this place.
 F = Levels seen in this place.
 G = Mean time per level.
                   A        B        C        D        E       F      G
               +--------+--------+--------+--------+--------+-----+--------+
         Total |  16435 |  15558 |    877 |    329 |  11655 |  16 | 1027.2 |
       Dungeon |  12413 |  11576 |    837 |    198 |   8883 |  12 | 1034.4 |
          Lair |   4022 |   3982 |     40 |    131 |   2772 |   4 | 1005.5 |
               +--------+--------+--------+--------+--------+-----+--------+

Top non-repeatable levels by time:
    D:11: 1382 daAuts
  Lair:1: 1314 daAuts
  Lair:2: 1259 daAuts
    D:12: 1242 daAuts
     D:5: 1229 daAuts
     D:7: 1178 daAuts
     D:9: 1174 daAuts
    D:10: 1166 daAuts
     D:8: 1116 daAuts
  Lair:3: 1026 daAuts
     D:1: 919 daAuts
     D:3: 913 daAuts
     D:4: 791 daAuts
     D:6: 787 daAuts
     D:2: 510 daAuts
